 Dungeon Crawl Stone Soup version 0.30-a0-374-g95c0257040 (webtiles) character file.

Game seed: 3586197287853045243

214 Elric the Magician (level 5, -2/26 (30) HPs)
             Began as a Deep Elf Fire Elementalist on Nov 25, 2022.
             Slain by an orc
             ... wielding a +2 whip of draining
              (5 damage)
             ... on level 3 of the Dungeon.
             The game lasted 00:06:53 (3274 turns).

Elric the Magician (Deep Elf Fire Elementalist)     Turns: 3274, Time: 00:06:54

HP:   -2/26 (30)    AC:  2    Str: 11    XL:     5   Next: 60%
MP:   22/22         EV: 12    Int: 17    God:
Gold: 206           SH:  0    Dex: 15    Spells: 4/13 levels left

rFire   . . .      SeeInvis .    l - +9 whip of the Big Bang {vamp, MP+9 Int-5 Stlth+}
rCold   + . .      Faith    .    (no shield)
rNeg    . . .      Spirit   .    a - +0 robe
rPois   .          Reflect  .    (no helmet)
rElec   .          Harm     .    (no cloak)
rCorr   .          Rampage  .    (no gloves)
Will    .....                    (no boots)
Stlth   ++........               (no amulet)
HPRegen 0.24/turn                f - +6 ring of strength
MPRegen 0.18/turn                d - ring of protection from cold

@: confused, heavily drained
A: no striking features
a: no special abilities


You were on level 3 of the Dungeon.
You visited 1 branch of the dungeon, and saw 3 of its levels.

You collected 206 gold pieces.

Inventory:

Hand Weapons
 i - a +0 whip of flaming
 l - the +9 whip of the Big Bang (weapon) {vamp, MP+9 Int-5 Stlth+}
   (You found it on level 2 of the Dungeon)

   It occasionally heals its wielder for a portion of the damage dealt when it
   wounds a living foe.
   Int:       It affects your intelligence (-5).
   MP:        It affects your magic capacity (+9).
   Stlth:     It makes you more stealthy.
Armour
 a - a +0 robe (worn)
Jewellery
 d - a ring of protection from cold (right hand)
 f - a +6 ring of strength (left hand)
 r - a ring of positive energy
Scrolls
 e - 2 scrolls of identify
 j - a scroll of amnesia {unknown}
 m - 4 scrolls of teleportation {unknown}
 n - a scroll of enchant armour {unknown}
 p - a scroll of brand weapon
 q - a scroll of immolation {unknown}
 s - a scroll of poison {unknown}
Potions
 b - a potion of magic
 c - a potion of heal wounds {unknown}
 g - a potion of might {unknown}
 h - a potion of curing {unknown}
 k - a potion of berserk rage {unknown}
 o - 2 potions of resistance {unknown}


   Skills:
 * Level 1.7 Fighting
 - Level 2.4 Dodging
 - Level 2.4 Stealth
 + Level 4.5 Spellcasting
 + Level 2.7 Conjurations
 + Level 1.7 Translocations
 + Level 4.2 Fire Magic
 + Level 1.1 Air Magic


You had 4 spell levels left.
You knew the following spells:

 Your Spells              Type           Power      Damage    Failure   Level
a - Foxfire               Conj/Fire      60%        2x1d7     3%          1
b - Scorch                Fire           36%        2d7       4%          2
c - Inner Flame           Hex/Fire       11%        N/A       19%         3
d - Kindle Blastsparks    Fire/Tloc/Air  22%        2d11      17%         3

Your spell library contained the following spells:

 Spells                   Type           Power      Damage    Failure   Level
 Flame Wave               Conj/Fire      15%        2d7       34%         4
 Summon Lightning Spire   Summ/Air       5%         N/A       75%         4
 Storm Form               Tmut/Air       2%         N/A       100%        7
 Maxwell's Capacitive Co  Air            3%         ∞         100%        8


Dungeon Overview and Level Annotations

Branches:
Dungeon (3/15)

Altars:

Annotations:
D:1 1 runed translucent door


Message History

The foxfire hits the orc wizard.
You kill the orc wizard!
You hear some strange, mumbled words.
You are confused.
You're too confused to cast spells.
You are too confused!
You are too confused!
You bump into the rock wall.
You hear some strange, mumbled words.
You are more confused.
You're too confused to move!
Something hits you but does no damage.
You bump into the rock wall.
The orc completely misses you.
You hear some strange, mumbled words.
You are more confused.
You barely miss the orc. Something hits you but does no damage.
You miss the orc. The orc closely misses you.
The orc hits you but does no damage.
You hear some strange, mumbled words.
You are more confused.
You're too confused to cast spells.
You're too confused to cast spells.
You bump into the rock wall.
The orc misses you. The orc hits you but does no damage. Something hits you.
You bump into the rock wall.
The orc hits you but does no damage.
You feel drained. The orc barely misses you. Something hits you.
You closely miss the orc. The orc hits you with a +0 club.
The orc closely misses you. Something hits you.
Something hits you but does no damage. The orc misses you.
You bump into the rock wall.
The orc hits you with a +2 whip of draining.
You feel drained.
You hear some strange, mumbled words.
A puff of flame appears from out of thin air!
The puff of flame hits you.
* * * LOW HITPOINT WARNING * * *
You are too confused!
Unknown command.
You bump into the rock wall.
The orc barely misses you.
The orc hits you with a +2 whip of draining.
You die...

###.........#
#####....
..'........>+ ...
... .........
###.........# #..
..##.#........
##.......## #..
..##.#.###...#
##.....## #.#
#.##.#.# #..##
##...## #.#
..##.#.###..# #+##
#.# #.##.#.##...#
#.###.##.#.##.#.#
#@.{).##.#.##†#.#
#oo......#......##
#####)###...§..§..
#.# #.#.§§.... #o#
#.##.§.#.. ..#
#.###§.... ### #.#
####.# #.# .# #..
#


You could see 2 orcs.

Vanquished Creatures
  An orc priest (D:3)
  2 orc wizards (D:3)
  4 adders
  A white imp (D:3)
  3 worms
  A dart slug (D:3)
  12 orcs (D:3)
  4 ball pythons
  7 endoplasms
  A giant cockroach (D:1)
  7 goblins
  3 hobgoblins
  4 jackals
  A quokka (D:3)
  2 bats
  4 frilled lizards
  9 kobolds
  6 rats
72 creatures vanquished.

Vanquished Creatures (others)
  276 foxfires
276 creatures vanquished.

Grand Total: 348 creatures vanquished

Notes
Turn   | Place    | Note
-------+----------+-------------------------------------------
     0 | D:1      | Elric the Deep Elf Fire Elementalist began the quest for
                  | the Orb.
     0 | D:1      | Reached XP level 1. HP: 10/10 MP: 6/6
     1 | D:1      | Found a runed translucent door.
   375 | D:1      | Reached XP level 2. HP: 15/15 MP: 6/8
  1599 | D:2      | Reached XP level 3. HP: 19/19 MP: 7/10
  1602 | D:2      | Learned a level 2 spell: Scorch
  1606 | D:2      | Learned a level 3 spell: Inner Flame
  1610 | D:2      | Learned a level 3 spell: Kindle Blastsparks
  1753 | D:2      | Identified the +9 whip of the Big Bang {vamp, MP+9 Int-5
                  | Stlth+}
  2091 | D:2      | You fall into a shaft and drop 1 floor!
  2107 | D:3      | Reached XP level 4. HP: 18/24 MP: 12/12
  2273 | D:3      | Reached skill level 1 in Fighting
  2555 | D:3      | Reached skill level 1 in Translocations
  2563 | D:3      | Reached XP level 5. HP: 29/29 MP: 13/13
  2933 | D:3      | Reached skill level 1 in Air Magic
  3238 | D:3      | Found a faded altar of an unknown god.
  3274 | D:3      | Slain by an orc

Illustrated notes

Levels and vault maps discovered:
D:1:      dpeg_arrival_caged_fury, layout_loops_corners
D:2:      minmay_angry_zag, layout_loops_ring
D:3:      layout_loops_corners, ebering_ecumenical_altar_mist

Skill      XL: |  1  2  3  4  5 |
---------------+----------------+-----
Conjurations   | 2 |  2.7
Spellcasting   | 4 |  4.5
Fire Magic     | 4 |  4.2
Fighting       | 1 |  1.7
Translocations | 1 |  1.7
Air Magic      | 1 |  1.1
Dodging        | |  2.4
Stealth        | |  2.4

Action                   |  1- 3 |  4- 6 || total
-------------------------+-------+-------++-------
Melee: Whip              |    30 |     3 ||    33
       Punch             |     1 |       ||     1
 Cast: Foxfire           |    81 |    86 ||   167
       Scorch            |     1 |       ||     1
  Use: Scroll            |     2 |       ||     2
 Stab: Sleeping          |     3 |       ||     3
       Distracted        |     1 |       ||     1
Armor: Robe              |    14 |     9 ||    23
Dodge: Dodged            |    42 |    14 ||    56

Table legend: (Time is in decaauts)
 A = Elapsed time spent in this place.
 B = Non-inter-level travel time spent in this place.
 C = Inter-level travel time spent in this place.
 D = Time resting spent in this place.
 E = Time spent auto-exploring this place.
 F = Levels seen in this place.
 G = Mean time per level.
                   A        B        C        D        E       F      G
               +--------+--------+--------+--------+--------+-----+--------+
         Total |   3274 |   3219 |     55 |    295 |   2344 |   3 | 1091.3 |
       Dungeon |   3274 |   3219 |     55 |    295 |   2344 |   3 | 1091.3 |
               +--------+--------+--------+--------+--------+-----+--------+

Top non-repeatable levels by time:
     D:1: 1496 daAuts
     D:3: 1183 daAuts
     D:2: 595 daAuts
